Cogmind - Beta 16 @@@ ROGUE MODE // 2025.11.19 @ 17:18:21 Player: guru-sr Result: Destroyed by 6S-S3A(R) with Subdweller Beam Cannon Performance ------------- Evolutions (0) 0 Regions Visited (2) 400 Robots Destroyed (31) 155 Value Destroyed (694) 694 Prototype IDs (2) 40 Alien Tech Used (0) 0 Bonus (0) 0 TOTAL SCORE: 1289 Bonus ------- None Cogmind --------- Core Integrity 0/250 Matter 274/300 Energy 250/250 System Corruption 0% Temperature Cool (9) Movement Treading (320) Ox2 Location -10/Subcaves Parts ------- > --- POWER (1) -------- Ion Engine > --- PROPULSION (2) --- Light Treads Light Treads > --- UTILITY (2) ------ Huge Storage Unit Light Armor Plating > --- WEAPON (2) ------- Beam Cannon Subdweller Beam Cannon > --- INVENTORY (25) --- Makeshift Power Source Light Treads Light Treads Compact Wheel Compact Wheel Compact Wheel Heat Sink High-capacity Battery (250) Terrain Scanner Improved Terrain Scanner Seismic Detector Seismic Detector Utility Shielding Light Armor Plating Light Armor Plating Light Armor Plating Light Armor Plating Hacking Suite Authchip [R/Combat] Beam Cannon Assault Rifle Grenade Launcher Grenade Launcher Grenade Launcher Mining Laser Peak State ------------ > --- POWER ------------ Ion Engine > --- PROPULSION ------- Light Treads Compact Wheel > --- UTILITY ---------- Huge Storage Unit Light Armor Plating > --- WEAPON ----------- Beam Cannon Subdweller Beam Cannon > --- INVENTORY -------- Makeshift Power Source Light Treads Light Treads Light Treads Compact Wheel Compact Wheel Heat Sink High-capacity Battery Terrain Scanner Improved Terrain Scanner Seismic Detector Seismic Detector Utility Shielding Light Armor Plating Light Armor Plating Light Armor Plating Light Armor Plating Hacking Suite Authchip [R/Combat] Beam Cannon Assault Rifle Grenade Launcher Grenade Launcher Grenade Launcher Mining Laser [Rating: 11] Favorites ----------- Power Ion Engine Engine Ion Engine Propulsion Light Treads Treads Light Treads Wheel Compact Wheel Utility Seismic Detector Device Seismic Detector Storage Huge Storage Unit Protection Core Shielding Weapon Medium Laser Energy Gun Medium Laser Energy Cannon Beam Cannon Ballistic Gun Assault Rifle Launcher Grenade Launcher Special Weapon Mining Laser Build | -11 -10 -10 ------- Run | Yrd Mat Sub Slots Evolved . | . . . Power . | . . . Propulsion . | . . . Utility . | . . . Weapon . | . . . Parts Attached 33 | 7 22 4 Power 6 | 1 4 1 Engine 6 | 1 4 1 Core . | . . . Reactor . | . . . Propulsion 9 | 2 7 . Treads 5 | 2 3 . Leg . | . . . Wheel 4 | . 4 . Hover . | . . . Flight . | . . . Utility 10 | 2 6 2 Device 4 | 1 3 . Storage 3 | 1 2 . Processor . | . . . Hackware . | . . . Protection 3 | . 1 2 Artifact . | . . . Weapon 8 | 2 5 1 Energy Gun 3 | 2 1 . Energy Cannon 2 | . 1 1 Ballistic Gun 1 | . 1 . Ballistic Cannon . | . . . Launcher 1 | . 1 . Special Weapon 1 | . 1 . Impact Weapon . | . . . Slashing Weapon . | . . . Piercing Weapon . | . . . Special Melee Weapon . | . . . Unidentified Prototypes . | . . . Parts Lost 3 | . 3 . Power 1 | . 1 . Propulsion 1 | . 1 . Utility . | . . . Weapon 1 | . 1 . Highest Loss Streak 2 | . 2 . To Critical Strikes . | . . . Average Backups 18 | 4 19 24 Power 1 | . 1 . Propulsion 3 | 2 3 5 Utility 9 | 1 10 13 Weapon 3 | . 3 5 Tool/Special . | . . . Unused Backups 14 | . 1 13 Power 2 | . 1 1 Propulsion 1 | . . 1 Utility 8 | . . 8 Weapon 3 | . . 3 Tool/Special . | . . . Average Slot Usage (%) 100 | . 100 100 Engine 14 | . 14 14 Treads 16 | . 16 16 Wheel 11 | . 11 11 Device 11 | . 12 10 Storage 14 | . 14 14 Protection 2 | . 1 3 Energy Gun 16 | . 20 . Energy Cannon 5 | . 2 19 Ballistic Gun 3 | . 2 8 Special Weapon 2 | . 2 . Peak Build Rating 11 | 7 10 11 Average Rating 9 | 6 9 10 On Entrance 5 | . 7 10 Avg Prop Armor Cover (%) 13 | . 13 12 Naked Turns . | . . . Heaviest Build 99 | 13 91 99 Greatest Support 40 | 40 40 40 Greatest Overweight (x) 6 | . 5 6 Average Overweight (x) 4 | . 4 5 Largest Inventory Capacity 25 | 8 25 25 Average Capacity 22 | 7 23 25 Most Carried 25 | 6 25 25 Average Carried 18 | 4 19 24 Final Capacity 25 | 8 25 25 Final Carried 25 | 6 25 25 Class Distribution -------------------- 96% | Mutant 3% | Scavenger-Mutant Dominant Class ---------------- Mutant | -10/Materials Mutant | -10/Subcaves Resources | -11 -10 -10 ----------- Run | Yrd Mat Sub Matter Collected 1041 | 270 566 205 Remotely . | . . . Salvage Created 983 | 107 740 136 Parts 44 | 16 24 4 Haulers Intercepted 2 | . 2 . Recyclers Shooed 1 | . 1 . Parts Field Recycled . | . . . Retrieved Matter . | . . . Parts Self-Destructed 5 | . . 5 Prevented . | . . . Parts Restored . | . . . Kills | -11 -10 -10 ------- Run | Yrd Mat Sub Combat Hostiles Destroyed 19 | . 16 3 Guns 8 | . 8 . Cannons 7 | . 4 3 AOE 1 | . 1 . Classes Destroyed 8 | 1 6 1 Worker 2 | . 2 . Tunneler 5 | 5 . . Hauler 2 | . 2 . Recycler 1 | . 1 . Operator 2 | . 2 . Swarmer 3 | . 3 . Grunt 13 | . 13 . Subdweller 3 | . . 3 Best Kill Streak 4 | 2 4 1 Combat Bots Only 4 | . 4 1 Max Kills in Single Turn 1 | 1 1 1 Gunslinging . | . . . Exploded 1 | . 1 . Melee . | . . . Uniques/NPCs Destroyed . | . . . Combat | -11 -10 -10 -------- Run | Yrd Mat Sub Hostile Shots Fired 115 | . 96 19 Missed 29 | . 22 7 Hits 86 | . 74 12 Projectile 86 | . 74 12 AOE 2 | . 2 . Critical Strikes 4 | . 3 1 Damage Taken 1275 | . 985 290 Core 273 | . 172 101 Absorbed by Shields . | . . . Redirected to Shielding 23 | . 23 . Regen/Repaired (Parts) 129 | . 129 . Core Remaining (%) 100 | 100 . . Volleys Fired 111 | 10 88 13 Largest 2 | 2 2 2 Hottest 165 | 100 165 140 Shots Fired 199 | 20 153 26 Gun 148 | 20 117 11 Cannon 27 | . 12 15 Launcher 2 | . 2 . Special 22 | . 22 . Kinetic 23 | . 12 11 Thermal 174 | 20 139 15 Explosive 2 | . 2 . Electromagnetic . | . . . Robot Hit Streak 18 | 8 12 18 Robot Miss Streak 4 | 2 4 1 Penetration Max . | . . . Secondary Targets . | . . . Shots Hit Robots 124 | 12 90 22 Core Hits 46 | 5 35 6 Critical Kills . | . . . Critical Parts Destroyed . | . . . Critical Strikes 10 | 1 9 . Burn 10 | 1 9 . Melee Attacks . | . . . Impact . | . . . Slashing . | . . . Piercing . | . . . Sneak Attacks . | . . . Combat Hostiles . | . . . Follow-up Attacks . | . . . Damage Inflicted 2030 | 177 1477 376 Guns 1340 | 177 1057 106 Cannons 447 | . 177 270 Explosions 195 | . 195 . Melee . | . . . Ramming . | . . . Kinetic 208 | . 102 106 Thermal 1627 | 177 1180 270 Explosive 195 | . 195 . Electromagnetic . | . . . Impact . | . . . Slashing . | . . . Piercing . | . . . Highest Corruption . | . . . Average Corruption . | . . . Corruption Purged . | . . . Corruption Blocked . | . . . Overload Shots . | . . . Overflow Damage . | . . . Projectiles . | . . . Explosions . | . . . Melee . | . . . Knockbacks . | . . . Impact . | . . . Kinetic . | . . . Secondary . | . . . Self-Inflicted Damage 32 | . 32 . Shots 2 | . 2 . Rammed . | . . . Targets Rammed . | . . . Kicked . | . . . Crushed . | . . . Highest Temperature 474 | 78 474 54 Average Temperature 114 | 27 125 29 Received Heat Transfer 498 | . 417 81 Effects 6 | . 6 . Shutdowns 1 | . 1 . Energy Bleed 1 | . 1 . Interference 1 | . 1 . Matter Decay 1 | . 1 . Short Circuit 1 | . 1 . Damage (minor) 1 | . 1 . Siege Activations . | . . . Martial Activations . | . . . Shielding Activations . | . . . Robots Disrupted . | . . . Combat Hostiles . | . . . Robots Corrupted . | . . . Combat Hostiles . | . . . Parts Fried . | . . . Impact Corruptions . | . . . Robots Melted 4 | . 4 . Combat Hostiles 3 | . 3 . Parts Melted 17 | 1 13 3 Heat Transferred 4836 | 592 3726 518 Parts Sabotaged . | . . . Parts Stolen . | . . . Parts Stripped . | . . . Power Chain Reactions . | . . . Alert | -11 -10 -10 ------- Run | Yrd Mat Sub Maximum Alert Level . | . . . Low Security (%) 100 | 100 100 . Level 1 . | . . . Level 2 . | . . . Level 3 . | . . . Level 4 . | . . . Level 5 . | . . . High Security . | . . . Max Security . | . . . Peak Influence 129 | 5 129 . Initial . | . . . Average 41 | 1 46 . Influence Increases 657 | 25 632 . Destroy 0b10 Robot/C 320 | . 320 . Destroy 0b10 Robot/NC 55 | 25 30 . Destroy Leader 84 | . 84 . Successful Hack 45 | . 45 . Select Force Hacks 60 | . 60 . Destroy Structure 33 | . 33 . Lose Combat Pursuer 60 | . 60 . Influence Decreases 657 | 25 512 120 Entered New Map 58 | . . 58 Time Decay 569 | 25 482 62 Lost Part 30 | . 30 . Squads Dispatched 4 | . 4 . Investigation 3 | . 3 . Extermination . | . . . Reinforcement 1 | . 1 . Assault . | . . . Garrison . | . . . Intercept . | . . . Searches Triggered . | . . . Construction Impeded . | . . . Haulers Reinforced . | . . . Active Scanning Responses . | . . . Cargo Convoy Interrupts . | . . . Stealth | -11 -10 -10 --------- Run | Yrd Mat Sub Distress Signals 4 | . 4 . Communications Jammed . | . . . Distress Signals . | . . . Times Spotted 38 | . 34 4 Peak Tracking Total 5 | . 5 1 Tactical Retreats 3 | . 3 . Traps | -11 -10 -10 ------- Run | Yrd Mat Sub Traps Triggered 2 | . 2 . Indirectly . | . . . Trap Hack Attempts . | . . . Triggered . | . . . Disarmed . | . . . Reprogrammed . | . . . Reused . | . . . Traps Extracted . | . . . Installed . | . . . Triggered . | . . . Machines | -11 -10 -10 ---------- Run | Yrd Mat Sub Machines Disabled . | . . . Max in Single Turn . | . . . Machines Repaired . | . . . Machines Dismantled . | . . . Machines Sabotaged . | . . . Overloaded Fab Kills . | . . . Hacking | -11 -10 -10 --------- Run | Yrd Mat Sub Machines Accessed 10 | . 10 . Terminals 7 | . 7 . Fabricators . | . . . Repair Stations 1 | . 1 . Recycling Units 2 | . 2 . Scanalyzers . | . . . Garrison Access . | . . . Total Hacks 35 | . 35 . Successful 23 | . 23 . Failed 11 | . 11 . Catastrophic 1 | . 1 . Database Lockouts 1 | . 1 . Manual 23 | . 23 . Terminals 25 | . 25 . Fabricators . | . . . Repair Stations 4 | . 4 . Recycling Units 6 | . 6 . Scanalyzers . | . . . Garrison Access . | . . . Terminal Hacks 8 | . 8 . Robot Analysis 5 | . 5 . Prototype ID Bank 1 | . 1 . Terminal Index 1 | . 1 . Zone Layout 1 | . 1 . Fabricator Hacks . | . . . Repair Station Hacks 3 | . 3 . Scan Component 2 | . 2 . Repair 1 | . 1 . Recycling Unit Hacks 3 | . 3 . Report Inventory 2 | . 2 . Retrieve Components 1 | . 1 . Scanalyzer . | . . . Garrison Access Hacks . | . . . Unauthorized Hacks 9 | . 9 . Terminals 7 | . 7 . Assimilate 2 | . 2 . Botnet 2 | . 2 . Operators 1 | . 1 . Skim 2 | . 2 . Fabricators . | . . . Repair Stations . | . . . Recycling Units 2 | . 2 . Tunnel 2 | . 2 . Scanalyzers . | . . . Garrison Access . | . . . Data Cores Recovered . | . . . Used . | . . . Hacking Detections 9 | . 9 . Full Trace Events . | . . . Feedback Events . | . . . Feedback Blocked . | . . . Robot Schematics Acquired . | . . . Robots Built . | . . . Authchips . | . . . Time . | . . . Total Robot Build Rating . | . . . Part Schematics Acquired . | . . . Parts Built . | . . . Authchips . | . . . Time . | . . . Total Part Build Rating . | . . . Part Studies Acquired . | . . . Parts Repaired 1 | . 1 . Time 26 | . 26 . Parts Recycled . | . . . Recycled Matter . | . . . Retrieved Matter . | . . . Retrieved Components 7 | . 7 . Parts Scanalyzed . | . . . Part Schematics Acquired . | . . . Parts Damaged . | . . . Bothacking | -11 -10 -10 ------------ Run | Yrd Mat Sub Used RIF Installer . | . . . Robots Hacked . | . . . Non-combat . | . . . Combat . | . . . Robot Hacks Applied . | . . . Relay Couplers Released . | . . . Fabnet Peak Effective % . | . . . Robots Rewired . | . . . Allies Hacked . | . . . Hacks Repelled . | . . . Allies | -11 -10 -10 -------- Run | Yrd Mat Sub Total Allies 1 | . 1 . Largest Group 1 | . 1 . Highest-Rated Group 10 | . 10 . Highest-Rated Ally 10 | . 10 . Total Orders 1 | . 1 . STAY 1 | . 1 . Ally Attacks . | . . . Total Damage . | . . . Kills . | . . . Allies Corrupted . | . . . Allies Melted . | . . . Intel | -11 -10 -10 ------- Run | Yrd Mat Sub Active Infowar (turns) 2226 | 191 1673 362 Terrain 3 | . 3 . Seismic 2223 | 191 1670 362 Robot Analysis Total 5 | . 5 . Derelict Logs Recovered . | . . . Drone Launches . | . . . Drone Recoveries . | . . . Exploration | -11 -10 -10 ------------- Run | Yrd Mat Sub Turns Passed 2641 | 256 1899 486 Spaces Moved 1135 | 131 807 197 Core 12 | 12 . . Treads 216 | 119 96 1 Legs . | . . . Wheels 907 | . 711 196 Hover . | . . . Flight . | . . . Fastest Speed 50 | 50 130 175 Average Speed 171 | 149 172 181 Slowest Speed 320 | 160 175 320 Overloaded Moves . | . . . Propulsion Burnouts . | . . . Robots Hopped . | . . . Potential Cave-ins . | . . . Cave-ins Triggered . | . . . Exploration Rate (%) 39 | 8 100 10 Regions Visited 2 Branch Regions 1 Pre-discovered Areas 3 | . 2 1 Known Exits Taken . | . . . Unknown Exits Taken 2 | 1 1 . Scrap Searched . | . . . Spaces Dug 18 | . 18 . Terrain Destroyed 30 | . 30 . Melee . | . . . Projectile 18 | . 18 . AOE 12 | . 12 . Terrain Rammed . | . . . Walls Destroyed . | . . . Machines Disabled . | . . . Actions | -11 -10 -10 --------- Run | Yrd Mat Sub Total 1556 | 169 1095 292 Wait 187 | 12 113 62 Move 1133 | 130 806 197 Hop . | . . . Pick Up 39 | 10 27 2 Fast Attach 4 | 3 1 . Attach 7 | 4 3 . Detach . | . . . Swap 63 | . 47 16 Drop 12 | . 10 2 Fire 111 | 10 88 13 Melee . | . . . Ram . | . . . Kick . | . . . Crush . | . . . Escape Stasis . | . . . Rewire . | . . . Trap . | . . . Miscellaneous . | . . . Route ------- -11/Scrapyard -10/Materials (discovered 5 exits: [*Mat x3] / [*Min] / [*Sub]) -10/Subcaves (discovered 1 exit: [*Mat]) History --------- Turn | Location | Event 16 | -11/Scrapyard | Discovered new exit (range 15) 257 | -11/Scrapyard | Entered Materials 328 | -10/Materials | Build established: Mutant 368 | -10/Materials | Discovered new exit (range 6) 724 | -10/Materials | Repaired Lgt. Treads 893 | -10/Materials | Discovered new exit (range 11) 994 | -10/Materials | Core integrity fell below 50% 1079 | -10/Materials | Discovered new exit (range 5) 1427 | -10/Materials | Central database locked down 1786 | -10/Materials | Discovered new exit (range 6) 1911 | -10/Materials | Discovered new exit (range 5) 2156 | -10/Materials | Entered Subcaves 2157 | -10/Subcaves | Approached by a straggling Scientist 2178 | -10/Subcaves | Learned location of Zion (-7) 2178 | -10/Subcaves | Met a Zionite searching for "candidates" 2439 | -10/Subcaves | Core integrity fell below 20% 2575 | -10/Subcaves | Discovered new exit (range 13) 2642 | -10/Subcaves | Destroyed by 6S-S3A(R) with Subdweller Beam Cannon Last Messages --------------- 02220_ Sub. Laser melted. 02220_ 4E-2TF(R) destroyed. 02228_ Dropped Ion Engine. 02234_ Subatomizers dissect the Mak. Spear. 02234_ Acquired 21 matter. 02235_ Acquired 37 matter. 02246_ Acquired Mak. Power Source. 02247_ Acquired 25 matter. 02259_ Subatomizers dissect the Mak. Spear. 02298_ Subatomizers dissect the Mak. Leg. 02438_ M0-CLX(R) destroyed. 02448_ Acquired 54 matter. 02451_ Acquired Sub. Beam Cannon. 02516_ Critical hit (Destroy). 02518_ Sub. Optics melted. 02518_ WS-LNN(R) destroyed. 02526_ Acquired 45 matter. 02535_ Acquired 23 matter. 02539_ Subatomizers dissect the Sub. Monowheel. 02575_ EXIT=FOUND Map ----- +----------------------------------------------------+ | ??????????????????????????????????????????????? | | ?????????????????????????????????????????????? | | ?????????????????????????????????????????????? | | ????????????????????????#???????##???????###?? | | ????????????????????????# ?????# #????###"##? | | ????????????????????????# #### ##### ## | | ????????????????????????# ## #?# | | ????????????????????????# ### | | ????????????????????????# ## | | ????????????????????????# ### & | | ???????????????????????? ??????## = & | | ????????????????????????????????# ### | | ????????????????????????????????## #?## | | ?????????????????????????????????# ##??# | | ?????????????????????????????????# #??# | | ?????????????????????????????????# #### | | ?????????????????????????????????# """## | | ?????????????????????????????##?## "" # #### | | ???????????????????????????### ## " "" ### " | | ???????????????????????????# " "" ""### ## # | | ???????????????????????????#"" " """#?## ## | | ???????????????????????????# " " ##??## ###& | | ????????????????###????????# """ ""###????## # = | | ???????????????## ##???????## " "##?????### ! | | ????"?????????##" ########## ###????#"" | | ????""" ????## " # # #@# # ##?### " ## | | ??????# # ### ######## | | ?????????# < R #??????? | | ?????????# # ### ####### #??????? | | ?????????# ## ##########?####?????# ##??????? | | ?????????# ??##????????????????????## ###???????? | | ?????????#??????????????????????????####?????????? | | ?????????????????????????????????????????????????? | | ?????????????????????????????????????????????????? | | ?????????????????????????????????????????????????? | | ?????????????????????????????????????????????????? | | ?????????????????????????????????????????????????? | | ?????????????????????????????????????????????????? | | ?????????????????????????????????????????????????? | | ?????????????????????????????????????????????????? | | ?????????????????????????????????????????????????? | | ?????????????????????????????????????????????????? | | ?????????????????????????????????????????????????? | | ?????????????????????????????????????????????????? | | ?????????????????????????????????????????????????? | | ?????????????????????????????????????????????????? | | | | | | | | | +----------------------------------------------------+ Best States ------------- Heat Dissipation 35 Energy Generation 10 Energy Capacity 250 Matter Stores 300 Matter Capacity 300 Sight Range 16 Terrain Scan Density 10 Armor Coverage 150 Core Shielding 20 Evasion (%) 50 Recoil Reduction 2 Authchip Count 1 Item Schematics ----------------- None Robot Schematics ------------------ None Fabricated ------------ Nothing Repaired ---------- Lgt. Treads | 7% | -10/Materials Studied --------- None Alien Tech Used ----------------- None Achievements -------------- None Challenges ------------ None Game ------ Seed ScanJunkLattice Manual? 0 Play Time 00:31:18 Cumulative 45.4 hours Start 2025.11.19 @ 16:47:58 End 2025.11.19 @ 17:18:21 Sessions 1 Manual Loads 0 Difficulty Rogue Special Mode None Game No. 28 Rogue 28 Adventurer 0 Explorer 0 Win Type - Total 1 Types 1/0/0/0/0/0/0/0/0/0 Lore% 22 Gallery% 27 Achievement% 33 Wizard Run 0 Options --------- Layout 0 ASCII 0 Keyboard 0 Movement Mouse Keybinds 0 Fullscreen 1 Font 18/SmallcapsGlow Map View 76x50 Zoom Use 0% Tactical HUD 1 Map Filters NONE Filters NONE Steam 1 RUN: 1b851086-0caa-4a54-99df-88c1effb4056